AoeStats
← SLOW SELINE1975

African Clearing

510825222Analyzed
2v2 RM · 19h ago on Oct 2, 2026· 107m 40s· 4 players
Game mode
Random Map
Map size
Medium (4 player)
Population
200
Speed
Normal
Resources
Standard
Victory
Conquest
Starting age
Dark Age
Ending age
Imperial Age
RankedLock teamsTeams togetherTeam positionsShared explorationLock speedFull tech treeHidden civsTurbo modeCheats
Victory
Defeat
🇵🇦 Malay · Panama
666
+15
🇨🇴 Portuguese · Colombia
662
+16
🇵🇪 Spanish · Peru
672
-16
🇧🇷 Japanese · Brazil
644
-15
SLOW SELINE1975
14:07 Loom
17:24 Feudal Age
19:30 Horse Collar
24:13 Castle Age
22:34 Gold Mining
25:44 Double-Bit Axe
25:56 Man-at-Arms
26:22 Gambesons
27:14 Forging
26:58 Long Swordsman
28:20 Iron Casting
28:48 Pikeman
30:52 Wheelbarrow
31:19 Stone Mining
31:16 Town Watch
34:51 Arson
35:32 Elite Skirmisher
43:14 Crossbowman
45:24 Circumnavigation
50:12 Fletching
50:23 Scale Mail Armor
50:29 Scale Barding Armor
50:25 Padded Archer Armor
52:15 Chain Mail Armor
52:26 Bow Saw
53:31 Heavy Plow
56:56 Imperial Age
57:04 Hand Cart
57:25 Two-Handed Swordsman
57:37 Elite Organ Gun
58:33 Arquebus
60:52 Champion
62:36 Town Patrol
72:39 Capped Ram
86:08 Crop Rotation
95:31 Arbalester
96:17 Thumb Ring
97:21 Chemistry
96:43 Ballistics
96:19 Murder Holes
99:23 Blast Furnace
102:03 Two-Man Saw
103:04 Leather Archer Armor
102:45 Bodkin Arrow
104:57 Onager
Elcaifascefas
5:05 Loom
14:26 Feudal Age
14:10 Double-Bit Axe
18:19 Horse Collar
25:43 Castle Age
24:06 Forging
23:48 Fletching
26:51 Iron Casting
31:41 Pikeman
32:22 Squires
40:25 Thumb Ring
42:17 Ballistics
42:13 Padded Archer Armor
49:07 Imperial Age
49:02 Leather Archer Armor
50:11 Gold Mining
52:32 Chemistry
52:11 Ring Archer Armor
51:40 Bodkin Arrow
54:07 Bracer
54:12 Husbandry
56:01 Conscription
56:38 Forced Levy
56:04 Man-at-Arms
56:35 Long Swordsman
57:11 Two-Handed Swordsman
59:29 Blast Furnace
58:57 Heavy Plow
73:44 Elite Karambit Warrior
BeoWulft
4:08 Loom
14:51 Feudal Age
18:37 Horse Collar
18:43 Double-Bit Axe
23:42 Castle Age
24:23 Gold Mining
24:23 Stone Mining
27:49 Heavy Plow
29:08 Scale Barding Armor
30:32 Chain Barding Armor
33:26 Stone Shaft Mining
34:18 Pikeman
34:58 Squires
34:45 Arson
35:52 Wheelbarrow
38:51 Imperial Age
TANGO
15:21 Feudal Age
18:50 Fishing Lines
23:03 Fishing Lines
25:56 Castle Age
24:55 Loom
27:35 Squires
27:20 Gambesons
26:56 Pikeman
27:39 Scale Mail Armor
27:50 Forging
29:40 Wheelbarrow
29:05 Gillnets
28:46 Man-at-Arms
29:41 Fletching
34:09 Hand Cart
39:42 Imperial Age
37:50 Iron Casting
43:23 Blast Furnace
42:39 Chain Mail Armor
43:37 Elite Samurai
45:39 Plate Mail Armor
45:43 Conscription
47:23 Halberdier
52:18 Gold Mining
52:19 Stone Mining
52:25 Stone Mining
52:59 Hand Cart
55:33 Gold Shaft Mining
55:52 Town Watch
58:50 Bodkin Arrow
60:12 Kataparuto
64:14 Ballistics
64:56 Chemistry
89:29 Elite Skirmisher
101:30 Bracer
101:32 Padded Archer Armor
Connection lost

Rejoining the realm…

Still unreachable

The connection could not be restored.

Session expired

The server has moved on; the page needs a fresh start.